 Dungeon Crawl Stone Soup version 0.30-a0-711-gf4ac18a38d (webtiles) character file.

Game seed: 2427708272625706478

3808 gelatine the Firebug (level 9, -10/68 HPs)
             Began as a Demonspawn Fire Elementalist on Jan 22, 2023.
             Was a Follower of Vehumet.
             Mangled by an orc knight
             ... wielding a +0 glaive
              (14 damage)
             ... in a bailey.
             The game lasted 00:20:28 (6370 turns).

gelatine the Firebug (Demonspawn Fire Elementalist) Turns: 6370, Time: 00:20:29

Health: -10/68     AC:  6    Str:  9 (10) XL:     9   Next: 96%
Magic:  4/18       EV: 13    Int: 20 (23) God:    Vehumet [*.....]
Gold:   294        SH:  0    Dex: 12 (13) Spells: 13/20 levels left

rFire   . . .      SeeInvis .    i - +0 rapier
rCold   . . .      Faith    .    n - orb {*channel}
rNeg    . . .      Spirit   .    z - +2 robe {Will+}
rPois   +          Reflect  .    (helmet restricted)
rElec   .          Harm     .    A - +0 cloak of Experimentation {rPois Int+3}
rCorr   +          Rampage  .    k - +0 pair of gloves
Will    +....                    (no boots)
Stlth   ++                       (no amulet)
HPRegen 0.31/turn                e - ring of resist corrosion
MPRegen 0.32/turn                l - +4 ring of slaying

@: no status effects
A: horns 1, powered by death 2, magic regeneration
a: Renounce Religion


You were in a bailey.
You worshipped Vehumet.
Vehumet was aware of your devotion.
You visited 2 branches of the dungeon, and saw 8 of its levels.
You also visited: Bailey.

You collected 468 gold pieces.
You spent 174 gold pieces at shops.

Inventory:

Hand Weapons
 i - a +0 rapier (weapon)
Armour
 k - a +0 pair of gloves (worn)
 n - an orb of energy (worn)
 v - a +0 buckler
 z - a +2 robe of willpower (worn)
 A - the +0 cloak of Experimentation (worn) {rPois Int+3}
   (You bought it in a shop on level 5 of the Dungeon)

   Int:       It affects your intelligence (+3).
   rPois:     It protects you from poison.
 D - a +0 kite shield
Jewellery
 e - a ring of resist corrosion (left hand)
 l - a +4 ring of slaying (right hand)
 p - a ring of protection from cold
Wands
 t - a wand of flame (10)
 x - a wand of charming (8)
 y - a wand of mindburst (4)
Scrolls
 a - a scroll of enchant weapon
 f - a scroll of blinking {unknown}
 j - a scroll of teleportation {unknown}
 s - a scroll of fear {unknown}
 w - 2 scrolls of immolation {unknown}
 C - 3 scrolls of poison {unknown}
 F - 2 scrolls of vulnerability {unknown}
 G - a scroll of torment {unknown}
Potions
 b - 2 potions of magic
 c - a potion of attraction {unknown}
 d - 5 potions of haste
 g - 3 potions of cancellation
 h - 2 potions of mutation {unknown}
 m - 3 potions of degeneration
 o - 2 potions of heal wounds {unknown}
 q - 4 potions of brilliance {unknown}
 r - 4 potions of might
 u - a potion of ambrosia {unknown}
 B - 2 potions of curing {unknown}
 E - a potion of flight {unknown}
 H - a potion of invisibility


   Skills:
 * Level 5.3 Fighting
 + Level 3.6 Short Blades
 + Level 2.0 Armour
 * Level 5.3 Dodging
 + Level 3.5 Stealth
 + Level 2.6 Shields
 + Level 6.1 Spellcasting
 * Level 6.2 Conjurations
 * Level 7.3 Fire Magic
 * Level 5.2 Evocations


You had 13 spell levels left.
You knew the following spells:

 Your Spells              Type           Power      Damage    Failure   Level
a - Foxfire               Conj/Fire      100%       2x1d9     1%          1
b - Scorch                Fire           70%        2d8       1%          2
c - Flame Wave            Conj/Fire      33%        2d10      6%          4

Your spell library contained the following spells:

 Spells                   Type           Power      Damage    Failure   Level
 Sandblast                Erth           12%        2d6       11%         1
 Kiss of Death            Conj/Necr      72%        2d10      3%          1
 Inner Flame              Hex/Fire       20%        N/A       7%          3
 Hailstorm                Conj/Ice       18%        3d6       9%          3
 Freeze                   Ice            24%        1d4       11%         1
 Kindle Blastsparks       Fire/Tloc/Air  30%        2d12      12%         3
 Confusing Touch          Hex            6%         N/A       30%         3
 Frozen Ramparts          Ice            12%        1d2       30%         3
 Dispel Undead            Necr           6%         3d8       71%         4


Dungeon Overview and Level Annotations

Branches:
Dungeon (7/15)             Temple (1/1) D:6          Bailey (1/1)

Altars:
Ashenzari
Cheibriados
Dithmenos
Fedhas
Gozag
Hepliaklqana
Kikubaaqudgha
Makhleb
Nemelex Xobeh
Ru
Sif Muna
Trog
Uskayaw
Vehumet
Xom
Yredelemnul

Shops:
D:5 *

Annotations:
D:7 3 runed translucent doors, bmack86's ghost, novice MiFi


Innate Abilities, Weirdness & Mutations

You have a pair of small horns on your head.
You regenerate health from kills.
You regenerate magic rapidly.


Message History

You kill the orc!
Vehumet accepts your kill.
The foxfire hits the orc warrior.
The orc warrior is lightly wounded.
The foxfire hits the orc warrior.
The orc warrior is moderately wounded.
Casting: Scorch (safe; 1% risk of failure)
Confirm with . or Enter, or press ? or * to list all spells.
Flames lash the orc warrior.
The orc warrior is heavily wounded.
The orc warrior's fire resistance burns away.
The orc knight hits you from afar with a +0 glaive.
The orc warrior hits you from afar with a +0 glaive!
Casting: Scorch (safe; 1% risk of failure)
Confirm with . or Enter, or press ? or * to list all spells.
Flames lash the orc.
You kill the orc!
Vehumet accepts your kill. The orc knight barely misses you.
The orc warrior hits you but does no damage.
Casting: Scorch (safe; 1% risk of failure)
Confirm with . or Enter, or press ? or * to list all spells.
Flames lash the orc knight.
The orc knight is moderately wounded.
The orc knight's fire resistance burns away.
The orc knight hits you from afar with a +0 glaive!!
The orc warrior closely misses you.
Casting: Scorch (safe; 1% risk of failure)
Confirm with . or Enter, or press ? or * to list all spells.
Flames lash the orc knight.
The orc knight is burned terribly!
The orc knight is heavily wounded.
The orc knight completely misses you.
The orc warrior hits you from afar with a +0 glaive!!
* * * LOW HITPOINT WARNING * * *
It was a potion of degeneration.
There was something very wrong with that liquid.
You feel weakened.
You feel dopey.
You feel clumsy.
The orc warrior is no longer more vulnerable to fire.
The orc knight hits you from afar with a +0 glaive!
You die...

#..)....#
#.......#
#...))..#
#).#.#..#
#.......#
#.)oo.#
##'''##
#..@..#
#.....#
#.....#
#.....#
#.....#
##'''##
##.....##
#.......#
#.......#


You could see an orc knight (combustible) and an orc warrior (strong).

Vanquished Creatures
  Grinder (D:4)
  Sigmund (D:5)
  Eustachio (D:6)
  A steam dragon (D:6)
  Duvessa (D:6)
  A water moccasin (D:6)
  An ice beast (D:5)
  An orc warrior (Bailey)
  A centaur (D:6)
  4 phantoms
  A bullfrog (D:5)
  2 scorpions
  A necrophage (D:6)
  Dowan (D:6)
  A howler monkey (D:5)
  3 hounds
  2 jellies
  An orc priest (D:4)
  5 iguanas
  Jessica (D:2)
  Terence (D:2)
  6 orc wizards
  8 adders
  3 ufetubi (D:5)
  2 dart slugs
  35 orcs
  5 ball pythons
  10 bats
  7 endoplasms
  8 giant cockroaches
  6 goblins
  8 hobgoblins
  12 jackals
  2 quokkas
  2 training dummies (D:6)
  4 frilled lizards
  6 kobolds
  2 rats
158 creatures vanquished.

Vanquished Creatures (collateral kills)
  4 foxfires
4 creatures vanquished.

Vanquished Creatures (others)
  548 foxfires
  14 fungi (D:6)
562 creatures vanquished.

Grand Total: 724 creatures vanquished

Notes
Turn   | Place    | Note
-------+----------+-------------------------------------------
     0 | D:1      | gelatine the Demonspawn Fire Elementalist began the quest
                  | for the Orb.
     0 | D:1      | Reached XP level 1. HP: 13/13 MP: 3/3
   131 | D:1      | Reached skill level 3 in Fire Magic
   194 | D:1      | Gained mutation: You regenerate magic rapidly. [demonic
                  | ancestry]
   194 | D:1      | Reached XP level 2. HP: 20/20 MP: 0/5
   331 | D:1      | Found a faded altar of an unknown god.
   954 | D:2      | Gained mutation: You regenerate a little health from kills.
                  | [demonic ancestry]
   954 | D:2      | Reached XP level 3. HP: 25/25 MP: 4/6
  1018 | D:2      | Reached skill level 1 in Fighting
  1079 | D:2      | Noticed Jessica
  1082 | D:2      | Killed Jessica
  1106 | D:2      | Gained mutation: You have a pair of small horns on your
                  | head. [demonic ancestry]
  1106 | D:2      | Reached XP level 4. HP: 32/32 MP: 5/7
  1283 | D:2      | Noticed Terence
  1294 | D:2      | Learned a level 2 spell: Scorch
  1473 | D:2      | Killed Terence
  2178 | D:3      | Gained mutation: You regenerate health from kills. [demonic
                  | ancestry]
  2178 | D:3      | Reached XP level 5. HP: 38/38 MP: 4/8
  2595 | D:4      | Found a hazy altar of Hepliaklqana.
  2673 | D:4      | Found a shimmering altar of Xom.
  2729 | D:4      | Reached skill level 4 in Fire Magic
  2793 | D:4      | Noticed Grinder
  2811 | D:4      | Paralysed by Grinder for 2 turns
  2812 | D:4      | Killed Grinder
  2813 | D:4      | Reached XP level 6. HP: 44/44 MP: 2/11
  2980 | D:4      | Reached skill level 1 in Evocations
  3340 | D:4      | Reached XP level 7. HP: 49/51 MP: 3/12
  3669 | D:5      | Entered Level 5 of the Dungeon
  3670 | D:5      | Found Cusupp's CLEARANCE SALE!.
  3679 | D:5      | Bought a +2 robe of willpower for 70 gold pieces
  3679 | D:5      | Bought a potion of might for 16 gold pieces
  3679 | D:5      | Bought the +0 cloak of Experimentation {rPois Int+3} for 88
                  | gold pieces
  3772 | D:5      | Found a snail-covered altar of Cheibriados.
  3884 | D:5      | Reached skill level 5 in Fire Magic
  4221 | D:5      | Reached XP level 8. HP: 58/58 MP: 11/14
  4236 | D:5      | Reached skill level 1 in Short Blades
  4377 | D:5      | Noticed Sigmund
  4382 | D:5      | Killed Sigmund
  4551 | D:6      | Reached skill level 5 in Fighting
  4551 | D:6      | Reached skill level 5 in Dodging
  4551 | D:6      | Reached skill level 5 in Spellcasting
  4551 | D:6      | Reached skill level 6 in Fire Magic
  4551 | D:6      | Reached XP level 9. HP: 59/68 MP: 7/17
  4616 | D:6      | Noticed Eustachio
  4623 | D:6      | Killed Eustachio
  4624 | D:6      | Reached skill level 7 in Fire Magic
  4920 | D:6      | Noticed Duvessa
  4920 | D:6      | Noticed Dowan
  4928 | D:6      | Killed Dowan
  4928 | D:6      | Killed Duvessa
  5006 | D:6      | Found a staircase to the Ecumenical Temple.
  5016 | Temple   | Entered the Ecumenical Temple
  5291 | D:6      | Learned a level 4 spell: Flame Wave
  5556 | D:6      | Reached skill level 5 in Evocations
  6108 | D:7      | Found a sacrificial altar of Ru.
  6120 | D:7      | Found a runed translucent gate.
  6121 | D:7      | Found a runed translucent gate.
  6121 | D:7      | Found a burning altar of Makhleb.
  6122 | D:7      | Found a runed translucent gate.
  6124 | D:7      | Noticed bmack86's ghost (novice MiFi)
  6126 | D:7      | Found a shadowy altar of Dithmenos.
  6129 | D:7      | Found a radiant altar of Vehumet.
  6137 | D:7      | Became a worshipper of Vehumet
  6160 | D:7      | Found a flagged portal.
  6182 | Bailey   | Entered a bailey
  6358 | Bailey   | Noticed an orc knight
  6360 | Bailey   | Reached * piety under Vehumet
  6360 | Bailey   | Offered knowledge of Sandblast by Vehumet.
  6370 | Bailey   | Mangled by an orc knight

Illustrated notes

Levels and vault maps discovered:
D:1:      sevenhm_arrival_forest_fort_small_5, layout_loops_cross,
          dilly_ecumenical_altar_fadedgnrine, supply_closet_lemuel,
          kennysheep_boxes
D:2:      layout_loops_ring, uniq_jessica, uniq_terence
D:3:      layout_loops_ring
D:4:      layout_gridville, xom_teletrap_fun, mainiacjoe_overflow_boulevard,
          uniq_grinder
D:5:      layout_loops_ring, mainiacjoe_overflow_paths, nicolae_shop_clearance,
          uniq_sigmund
D:6:      dreamdust_elfheim, layout_loops_corners,
          minmay_temple_entry_antechambers, serial_aquarium,
          aquarium_bridge_long_separate [aquarium_subvault_bridge,
          aquarium_subvault_bridge, aquarium_subvault_window,
          aquarium_subvault_bridge, aquarium_subvault_bridge,
          aquarium_subvault_bridge], aquarium_bridge_square
          [aquarium_subvault_bridge, aquarium_subvault_balcony,
          aquarium_subvault_wall, aquarium_subvault_wall], aquarium_window_fake,
          aquarium_window_corner, aquarium_view_2d, aquarium_balcony_double_4,
          uniq_eustachio
D:7:      layout_layer_cave, kennysheep_mini_moat, grunt_temple_overflow_open,
          mainiacjoe_overflow_concentric_impassable, gammafunk_ghost_split,
          enter_bailey_5
Temple:   bh_familiar_temple
Bailey:   bailey_polearm_5, bailey

Skill      XL: |  1  2  3  4  5  6  7  8  9 |
---------------+----------------------------+-----
Fire Magic     | 3 4 5 6 7 |  7.3
Fighting       | 1 2 3 5 |  5.3
Dodging        | 2 3 5 |  5.3
Spellcasting   | 3 4 5 6 |  6.1
Conjurations   | 2 3 6 |  6.2
Stealth        | 2 3 |  3.5
Evocations     | 1 2 4 5 |  5.2
Short Blades   | 3 |  3.6
Armour         | 2 |  2.0
Shields        | 2 |  2.6

Action                     |  1- 3 |  4- 6 |  7- 9 || total
---------------------------+-------+-------+-------++-------
  Melee: Dagger            |     8 |    23 |    15 ||    46
         Headbutt          |       |     5 |     9 ||    14
         Punch             |       |     1 |       ||     1
         Rapier            |       |       |     6 ||     6
   Cast: Foxfire           |    51 |   116 |   170 ||   337
         Scorch            |       |    19 |    46 ||    65
    Use: Scroll            |       |       |     6 ||     6
         Potion            |       |       |     2 ||     2
 Armour: Robe              |     1 |     5 |    11 ||    17
  Dodge: Dodged            |     5 |    19 |    48 ||    72

Table legend: (Time is in decaauts)
 A = Elapsed time spent in this place.
 B = Non-inter-level travel time spent in this place.
 C = Inter-level travel time spent in this place.
 D = Time resting spent in this place.
 E = Time spent auto-exploring this place.
 F = Levels seen in this place.
 G = Mean time per level.
                   A        B        C        D        E       F      G
               +--------+--------+--------+--------+--------+-----+--------+
         Total |   6369 |   6051 |    318 |      0 |   4869 |   9 |  707.7 |
       Dungeon |   5984 |   5682 |    302 |      0 |   4600 |   7 |  854.9 |
        Temple |    197 |    181 |     16 |      0 |    170 |   1 |  197.0 |
        Bailey |    187 |    187 |      0 |      0 |     99 |   1 |  187.0 |
               +--------+--------+--------+--------+--------+-----+--------+

Top non-repeatable levels by time:
     D:6: 1328 daAuts
     D:4: 1123 daAuts
     D:2: 954 daAuts
     D:1: 924 daAuts
     D:5: 859 daAuts
     D:3: 667 daAuts
  Temple: 197 daAuts
  Bailey: 187 daAuts
     D:7: 126 daAuts
